AoeStats
← beeflord

Arabia

507868174Analyzed
1v1 RM · 12d ago on Sep 20, 2026· 57m 59s· 2 players
Game mode
Random Map
Map size
Tiny (2 player)
Population
200
Speed
Normal
Resources
Standard
Victory
Conquest
Starting age
Dark Age
Ending age
Imperial Age
RankedLock teamsTeams togetherTeam positionsShared explorationLock speedFull tech treeHidden civsTurbo modeCheats
Victory
Defeat
🇺🇸 Ethiopians · United States
658
+17
🇦🇷 Mongols · Argentina
682
-17
beeflord
12:04 Feudal Age
15:51 Double-Bit Axe
19:45 Castle Age
18:30 Horse Collar
18:44 Loom
18:32 Man-at-Arms
21:08 Bow Saw
21:36 Wheelbarrow
23:02 Crossbowman
26:02 Gold Mining
28:24 Elite Skirmisher
28:58 Fletching
29:39 Padded Archer Armor
29:30 Town Watch
34:24 Hand Cart
39:10 Imperial Age
42:34 Light Cavalry
46:05 Gold Shaft Mining
46:17 Scale Barding Armor
46:23 Forging
47:14 Stone Mining
47:29 Husbandry
53:20 Ballistics
54:22 Leather Archer Armor
56:37 Cavalier
PulpoPol
12:10 Feudal Age
12:40 Horse Collar
21:22 Castle Age
26:28 Padded Archer Armor
26:19 Fletching
29:31 Double-Bit Axe
35:12 Imperial Age
33:36 Bodkin Arrow
33:56 Leather Archer Armor
35:11 Gold Mining
38:45 Bow Saw
39:17 Ballistics
41:24 Bracer
42:28 Chemistry
48:05 Capped Ram
49:14 Siege Engineers
50:15 Wheelbarrow
49:26 Loom
52:26 Elite Mangudai
53:28 Drill
Connection lost

Rejoining the realm…

Still unreachable

The connection could not be restored.

Session expired

The server has moved on; the page needs a fresh start.